Map: Para Site LE

Players

Yocto

  • Race: Zerg Zerg
  • League: Platinum
  • Spawn Location: 11:00

llllllllllll - Winner!

  • Race: Protoss Protoss
  • League: Diamond
  • Spawn Location: 5:00

VOD

Have the link to the VOD?

Description

Time

  • Played on: Dec. 21, 2018, 10:39 a.m.
  • Length: 5:54
Show
View Real Time Build Order
Export as new Build Order

Yocto Zerg 

Build Orders: Pool First, Zergling Baneling 

Get SALT Encoding   

  12  0:01  Drone  
  13  0:14  Overlord  
  13  0:18  Drone  
  14  0:33  Drone x2  
  16  0:36  Drone  
  17  0:48  Spawning Pool  
  16  0:50  Drone  
  16  0:53  Extractor  
  16  1:05  Drone  
  17  1:36  Zergling x6  
  17  1:38  Hatchery  
  19  1:49  Zergling x2  
  19  1:52  Queen  
  22  1:59  Overlord  
  22  2:04  Metabolic Boost  
  22  2:36  Zergling x6  
  25  2:48  Zergling x2  
  25  2:49  Queen  
  28  3:10  Zergling x4  
  30  3:17  Overlord, Baneling Nest  
  29  3:28  Zergling x6  
  32  3:40  Zergling x2  
  33  3:54  Zergling x6  
  33  3:55  Zergling x6  
  39  4:04  Baneling x9  
  39  4:05  Baneling x2  
  39  4:07  Zergling x2  
  30  4:39  Zergling x2  
  30  4:40  Zergling x12  
  30  4:54  Drone x3  
  33  5:04  Zergling x4  
  35  5:12  Baneling x2  
  35  5:13  Baneling x4  
  35  5:25  Baneling  
  35  5:26  Baneling  
  35  5:27  Overlord  
Show
View Real Time Build Order
Export as new Build Order

llllllllllll Protoss - Winner!

Build Orders:  

Get SALT Encoding   

  1  0:00  Probe  
  12  0:05  Probe  
  14  0:15  Probe  
  15  0:23  Pylon  
  15  0:41  Probe, Gateway  
  16  0:47  Forge  
  16  0:53  Probe  
  17  1:05  Probe  
  18  1:22  Pylon  
  18  1:27  Photon Cannon  
  18  1:32  Zealot  
  18  1:34  Cybernetics Core  
  18  1:36  Pylon  
  20  1:48  Pylon  
  20  1:58  Zealot  
  22  2:10  Photon Cannon  
  22  2:11  Pylon  
  22  2:15  Photon Cannon  
  22  2:29  Probe  
  22  2:34  Nexus  
  22  2:45  Assimilator  
  22  2:49  Assimilator  
  22  2:52  Pylon  
  22  2:53  Probe  
  23  3:01  Probe  
  24  3:11  Probe  
  25  3:21  Gateway  
  25  3:23  Probe  
  25  3:24  Gateway  
  26  3:35  Probe  
  26  3:41  Robotics Facility  
  27  3:46  Probe  
  28  3:50  Stalker  
  28  3:51  Photon Cannon  
  28  3:52  Warp Gate  
  28  3:54  Shield Battery  
  30  3:59  Probe  
  31  4:14  Adept  
  31  4:16  Sentry  
  33  4:33  Gateway  
  33  4:42  Probe  
  33  4:43  Probe, Adept  
  35  4:54  Probe x2  
  37  5:02  Probe x2  
  39  5:10  Probe x2  
  39  5:16  Shield Battery  
  39  5:21  Probe x2  
  45  5:31  Pylon  
  45  5:35  Probe  
Tags
 
Matchup
PvZ
Opening
Pool First
Replay Pack
Yocto
Spawn Locations
Cross Positions
Add a new tag
Caveats
  • Supply blocks, unpowered buildings, or Contaminate may cause inaccurate times.
  • Supply counts are checked every 10 seconds.